 Dungeon Crawl Stone Soup version 0.30.0-16-gbe6223bb7e (webtiles) character file.

Game seed: 16608991338674766880

191 NateTC the Poker (level 6, -4/47 HPs)
             Began as a Formicid Fighter on May 20, 2023.
             Slain by a howler monkey (6 damage)
             ... on level 5 of the Dungeon.
             The game lasted 00:02:35 (2540 turns).

NateTC the Poker (Formicid Fighter)                 Turns: 2540, Time: 00:02:36

Health: -4/47      AC:  6    Str: 22    XL:     6   Next: 2%
Magic:  6/6        EV:  9    Int:  8    God:
Gold:   138        SH:  5    Dex: 13    Spells: 5/5 levels left

rFire   . . .        a - +0 trident
rCold   . . .        c - +0 buckler
rNeg    . . .        b - +0 scale mail
rPois   .            (helmet unavailable)
rElec   .            (no cloak)
rCorr   .            (no gloves)
SInv    +            (no boots)
Will    .....        (no amulet) Stlth
                     (no ring)
HPRegen 0.27/turn    (no ring)
MPRegen 0.10/turn

%: no passive effects
@: no status effects
A: permanent stasis, dig shafts and tunnels, antennae 3, four strong arms
a: Dig, Shaft Self


You were on level 5 of the Dungeon.
You visited 1 branch of the dungeon, and saw 5 of its levels.

You collected 138 gold pieces.

Inventory:

Hand Weapons
 a - a +0 trident (weapon)
Missiles
 i - 2 throwing nets
Armour
 b - a +0 scale mail (worn)
 c - a +0 buckler (worn)
Wands
 j - a wand of charming (7)
Scrolls
 h - a scroll of identify
Potions
 d - a potion of might
 e - 2 potions of heal wounds
 f - a potion of curing
 g - a potion of attraction {unknown}


   Skills:
 - Level 3.2 Fighting
 * Level 5.7 Polearms
 - Level 3.2 Armour
 - Level 4.0 Shields


You had 5 spell levels left.
You didn't know any spells.
Your spell library was empty.

Dungeon Overview and Level Annotations

Branches:
Dungeon (4/15) Zot: 26979  Temple (0/1) D:4

Altars:


Innate Abilities, Weirdness & Mutations

You cannot be hasted, slowed, berserked, paralysed or teleported.
You can dig through walls and to a lower floor.
You have a pair of large antennae on your head. (SInv)
Your four strong arms can wield two-handed weapons with a shield.


Message History

You are too injured to fight recklessly!
You are too injured to fight recklessly!
You are too injured to fight recklessly!
You are too injured to fight recklessly!
The orc attacks as you move away! The orc barely misses you.
The gnoll attacks as you move away! You block the gnoll's attack.
The orc attacks as you move away! The orc hits you with a +0 hand axe.
* * * LOW HITPOINT WARNING * * *
The orc jeers to no one in particular.
The orc attacks as you move away! The orc hits you but does no damage.
The gnoll throws a stone.
The stone closely misses you.
Are you sure you want to shaft yourself?
The orc hits you but does no damage.
You begin to dig a shaft.
You continue digging a shaft.
The orc hits you but does no damage. A shaft appears beneath you!
You fall into a shaft and drop 1 floor!
The shaft crumbles and collapses.
You see here 6 stones.
You start resting.
A howler monkey comes into view.
An orc comes into view. It is wielding a +0 short sword.
The orc shouts!
An orc is nearby!
The howler monkey hits you.
* * * LOW HITPOINT WARNING * * *
You are too injured to fight recklessly!
You are too injured to fight recklessly!
You are too injured to fight recklessly!
You closely miss the howler monkey. The howler monkey closely misses you.
You barely miss the howler monkey. The howler monkey hits you.
* * * LOW HITPOINT WARNING * * *
You closely miss the howler monkey. The howler monkey barely misses you.
You closely miss the howler monkey. The howler monkey hits you.
* * * LOW HITPOINT WARNING * * *
You hit the howler monkey.
The howler monkey is lightly wounded.
The howler monkey hoots and howls with incredible vigour!
The howler monkey hits you.
You die...

.###.... ..
........ ##.##
##...... . ....#
##.....# ..
#...##......#...
#..............
##.#..(........
#.....o........
##..@##########
{#..h.#
........#
........# {
.##.....#
#.....# #..####
...


You could see a howler monkey and an orc.

Vanquished Creatures
  An orc wizard (D:4)
  6 gnolls
  2 adders
  A worm (D:2)
  A dart slug (D:2)
  5 orcs
  3 ball pythons
  An endoplasm (D:3)
  4 giant cockroaches
  16 goblins
  6 hobgoblins
  8 jackals
  A quokka (D:4)
  7 bats
  2 frilled lizards
  4 kobolds
  12 rats
80 creatures vanquished.

Notes
Turn   | Place    | Note
-------+----------+-------------------------------------------
     0 | D:1      | NateTC the Formicid Fighter began the quest for the Orb.
     0 | D:1      | Reached XP level 1. HP: 18/18 MP: 1/1
   129 | D:1      | Reached XP level 2. HP: 24/24 MP: 2/2
   338 | D:1      | Reached skill level 3 in Polearms
   522 | D:1      | Reached XP level 3. HP: 29/29 MP: 3/3
   738 | D:2      | Reached skill level 4 in Polearms
   738 | D:2      | Reached XP level 4. HP: 28/35 MP: 4/4
  1002 | D:2      | You fall into a shaft and drop 1 floor!
  1413 | D:2      | Reached XP level 5. HP: 38/41 MP: 5/5
  1472 | D:2      | Reached skill level 5 in Polearms
  2314 | D:4      | Found a staircase to the Ecumenical Temple.
  2499 | D:4      | Reached XP level 6. HP: 47/47 MP: 6/6
  2520 | D:4      | You fall into a shaft and drop 1 floor!
  2520 | D:5      | Entered Level 5 of the Dungeon
  2539 | D:5      | HP: 2/47 [howler monkey (6)]
  2540 | D:5      | Slain by a howler monkey

Illustrated notes

Levels and vault maps discovered:
D:1:      wander_arrival_fairy_ring, layout_basic
D:2:      layout_loops_ring, cheibrodos_gnoll_hut
D:3:      layout_basic, hangedman_decor_opposing, minmay_goblin_outpost
D:4:      minmay_opposing_rooms, layout_rooms, minmay_temple_entry_from_below_a
D:5:      layout_cave_pools, mainiacjoe_overflow_paths, uniq_eustachio,
          uniq_menkaure, uniq_crazy_yiuf_cottage

Skill      XL: |  1  2  3  4  5 |
---------------+----------------+-----
Polearms       | 3 4 5 |  5.7
Fighting       | |  3.2
Armour         | |  3.2
Shields        | |  4.0

Action                     |  1- 3 |  4- 6 || total
---------------------------+-------+-------++-------
  Melee: Trident           |    86 |   198 ||   284
Ability: Shaft Self        |       |     1 ||     1
    Use: Scroll            |     1 |     3 ||     4
 Armour: Scale mail        |    62 |    60 ||   122
  Dodge: Dodged            |    54 |    62 ||   116
  Block: Buckler           |    29 |    43 ||    72
